Map: Magannatha LE

Players

Geralt (Gerald) - Winner!

  • Race: Protoss Protoss
  • League: Master
  • Spawn Location: 5:00

STZsOs (sOs)

  • Race: Protoss Protoss
  • League: Master
  • Spawn Location: 11:00

Event: FEL Cracov 2025

VOD

Have the link to the VOD?

Description

Time

  • Played on: July 27, 2025, 11:30 a.m.
  • Length: 9:54

All games in this series

Show
View Real Time Build Order
Export as new Build Order

Geralt Protoss - Winner!

Build Orders: Oracle Opening, Blink Stalkers 

Get SALT Encoding   

  12  0:00  Probe  
  13  0:12  Probe  
  14  0:18  Pylon  
  14  0:22  Probe  
  15  0:32  Probe  
  15  0:37  Gateway  
  15  0:41  Probe  
  16  0:45  Assimilator  
  17  0:53  Probe  
  17  0:55  Assimilator  
  18  1:01  Probe  
  18  1:08  Gateway  
  18  1:09  Probe  
  20  1:19  Probe  
  20  1:23  Cybernetics Core  
  21  1:31  Probe  
  22  1:34  Pylon  
  22  1:43  Probe  
  22  1:44  Pylon  
  23  1:55  Probe  
  23  1:59  Stalker  
  23  2:00  Pylon  
  29  2:21  Nexus  
  26  2:23  Sentry  
  27  2:31  Pylon  
  27  2:34  Probe  
  28  2:37  Warp Gate  
  28  2:46  Stargate  
  28  2:51  Probe  
  29  2:57  Adept  
  31  3:03  Adept  
  33  3:06  Probe  
  34  3:18  Probe  
  35  3:22  Oracle  
  35  3:30  Probe  
  35  3:33  Twilight Council  
  39  3:38  Probe  
  39  3:41  Shield Battery  
  40  3:42  Probe  
  41  3:50  Probe  
  41  3:51  Blink  
  41  3:52  Gateway  
  41  3:54  Probe  
  44  4:02  Probe  
  44  4:11  Probe  
  44  4:15  Probe  
  44  4:25  Stalker x2  
  48  4:34  Phoenix, Gateway  
  48  4:35  Probe  
  48  4:37  Probe  
  49  4:54  Probe  
  50  5:00  Probe  
  50  5:06  Probe  
  52  5:08  Gateway  
  52  5:12  Pylon  
  52  5:13  Assimilator  
  50  5:17  Nexus  
  50  5:19  Pylon, Probe  
  51  5:26  Stalker  
  51  5:27  Probe  
  54  5:30  Pylon  
  54  5:31  Probe  
  54  5:33  Stalker x2  
  59  5:39  Probe  
  60  5:43  Probe  
  60  5:46  Gateway  
  60  5:47  Charge  
  61  5:51  Probe  
  61  5:56  Probe  
  63  6:03  Gateway, Probe  
  64  6:08  Probe  
  65  6:16  Probe  
  66  6:19  Stalker x3  
  66  6:20  Probe  
  66  6:22  Zealot  
  75  6:28  Probe  
  75  6:31  Zealot  
  75  6:32  Probe  
  76  6:40  Probe  
  76  6:41  Stalker  
  76  6:44  Probe  
  71  6:52  Probe, Stalker  
  71  6:53  Stalker x2, Zealot  
  70  6:56  Probe  
  68  7:04  Probe  
  65  7:08  Probe  
  65  7:10  Stalker x3  
  65  7:14  Pylon  
  74  7:26  Zealot x4  
  80  7:35  Probe x3  
  83  7:47  Probe x2  
  83  7:51  Zealot x5  
  91  7:59  Forge  
  91  8:00  Pylon  
  91  8:02  Pylon  
  89  8:06  Probe  
  89  8:10  Zealot x2  
  89  8:12  Pylon  
  92  8:17  Pylon  
  90  8:22  Zealot x5  
  98  8:33  Stalker x2  
  93  8:41  Probe  
  86  8:45  Stalker x5  
  86  8:47  Probe  
  87  9:05  Stalker x2  
  91  9:10  Nexus  
  91  9:14  Zealot x5  
  91  9:37  Stalker x7  
Show
View Real Time Build Order
Export as new Build Order

STZsOs Protoss 

Build Orders: Phoenix Opening 

Get SALT Encoding   

  12  0:00  Probe  
  13  0:12  Probe  
  14  0:17  Pylon  
  14  0:23  Probe  
  15  0:32  Probe  
  15  0:36  Gateway  
  15  0:40  Probe  
  16  0:45  Assimilator  
  17  0:51  Probe  
  18  1:00  Probe  
  19  1:05  Pylon  
  19  1:07  Assimilator  
  19  1:08  Probe  
  19  1:17  Probe  
  20  1:23  Cybernetics Core  
  21  1:29  Probe  
  21  1:30  Zealot  
  24  1:41  Probe  
  25  1:53  Probe  
  26  1:59  Sentry  
  28  2:01  Warp Gate  
  28  2:16  Probe  
  28  2:17  Nexus  
  28  2:22  Sentry  
  31  2:26  Pylon  
  31  2:34  Phoenix  
  31  2:39  Robotics Facility  
  31  2:42  Probe  
  31  2:46  Shield Battery  
  31  2:50  Probe  
  33  2:59  Probe  
  33  3:00  Sentry  
  36  3:08  Gateway  
  36  3:11  Probe  
  37  3:18  Warp Prism  
  37  3:24  Probe  
  38  3:29  Probe  
  41  3:39  Probe  
  42  3:41  Shield Battery  
  42  3:42  Probe  
  43  3:50  Stalker  
  43  3:54  Observer  
  47  3:55  Probe x2  
  48  4:10  Stalker  
  48  4:15  Immortal  
  54  4:18  Pylon  
  54  4:36  Probe x2  
  56  4:40  Stalker x2  
  60  4:48  Probe x2  
  60  4:56  Assimilator  
  60  5:00  Probe x2  
  60  5:02  Pylon  
  62  5:18  Pylon  
  62  5:20  Probe  
  62  5:21  Stalker x2  
  65  5:26  Forge  
  65  5:28  Gateway  
  67  5:30  Gateway  
  67  5:37  Probe  
  67  5:38  Probe  
  67  5:41  Twilight Council  
  69  5:46  Protoss Ground Weapons Level 1, Pylon  
  69  5:59  Nexus  
  69  6:12  Stalker  
  69  6:13  Stalker, Probe  
  69  6:14  Probe  
  70  6:23  Stalker  
  70  6:24  Stalker  
  74  6:25  Probe  
  74  6:32  Probe  
  74  6:35  Stalker  
  74  6:37  Probe  
  77  6:40  Warp Prism  
  77  6:44  Pylon, Probe  
  67  7:01  Probe x2  
  67  7:08  Immortal  
  65  7:13  Observer  
  65  7:16  Stalker x4  
  65  7:17  Probe  
  78  7:25  Probe  
  78  7:28  Protoss Ground Weapons Level 2  
  79  7:30  Probe  
  79  7:34  Shield Battery  
  79  7:36  Probe  
  81  7:37  Probe  
  81  7:40  Immortal  
  81  7:42  Probe  
  80  7:48  Probe  
  80  7:49  Adept x2  
  87  7:52  Shield Battery  
  86  7:58  Adept x2  
  86  8:00  Probe  
  86  8:03  Probe x2  
  88  8:12  Stalker  
  88  8:13  Probe, Gateway  
  88  8:14  Gateway  
  88  8:15  Probe  
  88  8:17  Gateway  
  88  8:23  Stalker x2  
  88  8:25  Probe  
  83  8:35  Adept  
  83  8:39  Immortal  
  81  8:41  Probe x2  
  81  8:45  Sentry  
  77  9:02  Gateway, Adept  
  79  9:03  Gateway  
  79  9:04  Adept  
  81  9:10  Photon Cannon  
  81  9:13  Immortal  
  81  9:19  Adept x2  
  89  9:26  Adept x2  
  79  9:35  Probe  
  79  9:36  Probe  
  62  9:51  Adept x3  
Tags
 
Add a new tag
Caveats
  • Supply blocks, unpowered buildings, or Contaminate may cause inaccurate times.
  • Supply counts are checked every 10 seconds.